 Dungeon Crawl Stone Soup version 0.32-a0-468-g38b2580584 (webtiles) character file.

Game seed: 11393033331569260875

108 ezpacito the Trooper (level 4, -1/35 HPs)
             Began as a Demonspawn Chaos Knight on Feb 24, 2024.
             Was a Plaything of Xom.
             Slain by an orc priest
             ... wielding a +0 flail
              (2 damage)
             ... on level 3 of the Dungeon.
             The game lasted 00:02:52 (1336 turns).

ezpacito the Trooper (Demonspawn Chaos Knight)      Turns: 1336, Time: 00:02:52

Health: -1/35      AC:  6    Str: 12 (14) XL:     4   Next: 58%
Magic:  5/5        EV: 12    Int: 17 (18) God:    Xom [..*...]
Gold:   138        SH:  0    Dex: 18 (19) Spells: 4/4 levels left

rFire   . . .        a - +1 hand axe (chaos)
rCold   . . .        (no shield)
rNeg    . . .        b - +2 leather armour
rPois   .            (no helmet)
rElec   .            k - +0 cloak
rCorr   .            (no gloves)
SInv    .            (no boots)
Will    .....        (no amulet)
Stlth   ++           e - +6 ring of dexterity
HPRegen 0.25/turn    l - +6 ring of intelligence
MPRegen 0.09/turn

%: no passive effects
@: no status effects
A: powered by pain 1
a: Renounce Religion


You were on level 3 of the Dungeon.
You worshipped Xom.
You were a toy of Xom.
You visited 1 branch of the dungeon, and saw 3 of its levels.

You collected 138 gold pieces.

Inventory:

Hand Weapons
 a - a +1 hand axe of chaos (weapon)
Armour
 b - a +2 leather armour (worn)
 h - a +0 scale mail
 k - a +0 cloak (worn)
Jewellery
 e - a +6 ring of dexterity (left hand)
 l - a +6 ring of intelligence (right hand)
Talismans
 f - a maw talisman
Scrolls
 c - 2 scrolls of butterflies
 d - 2 scrolls of vulnerability
 g - a scroll of teleportation
 j - 2 scrolls of identify


   Skills:
 + Level 3.3 Fighting
 * Level 3.2 Axes
 * Level 2.3 Armour
 * Level 2.0 Dodging
 + Level 0.5 Stealth
 * Level 1.3 Unarmed Combat
 + Level 0.9 Spellcasting


You had 4 spell levels left.
You didn't know any spells.
Your spell library was empty.

Dungeon Overview and Level Annotations

Branches:
Dungeon (3/15)

Altars:
Xom

Shops:
D:1 (


Innate Abilities, Weirdness & Mutations

You sometimes gain a little power by taking damage.


Message History

An orc comes into view. It is wielding a +0 short sword.
An orc and an orc priest come into view.
Found 2 scrolls labelled GOSOET IDUODA and a scroll labelled QOQOCWU NYQOC.
The orc shouts!
An orc wizard comes into view. It is wielding a +0 dagger.
The orc priest shouts!
The orc hits you with a +0 short sword.
It was a potion of degeneration.
There was something very wrong with that liquid.
You feel weakened.
You feel dopey.
You feel clumsy.
Xom roars with laughter!
The orc hits you with a +0 short sword.
It was a potion of curing.
You feel better.
The orc priest mumbles some strange prayers to Beogh against you.
Beogh smites you!
* * * LOW HITPOINT WARNING * * *
A shower of butterflies erupts from you!
You emit a cloud of colourful smoke!
The orc hits you but does no damage.
You slash the orc! You burn the orc.
You kill the orc!
You hit the orc. You burn the orc. The orc hits you but does no damage.
The orc priest closely misses your butterfly.
Your Dodging skill increases to level 2!
The orc priest looks satisfied for a moment.
The orc closely misses you. The orc wizard casts a spell at you.
You resist with some effort.
Things that are here:
a +0 short sword; a +0 robe Unknown command.
The orc wizard casts a spell at you. The magic dart hits you!
* * * LOW HITPOINT WARNING * * *
The orc misses you.
The orc priest calls upon Beogh to heal the orc.
The orc's wounds heal themselves!
The orc priest hits you with a +0 flail.
You die...
Xom is highly amused!

# .# . .#
#####o#
#####..ob.#
#.....o@..#
#..b.§bb..#
#..§§b....#
###
#####§#####
#.. #.##
#.# #..#
#.# ##.##
#.# #..#
####### #.#
##.#
#.....# #.#


You could see an orc priest (ally target), an orc wizard and an orc.

Vanquished Creatures
  2 bombardier beetles (D:3)
  3 adders
  2 dart slugs (D:3)
  A ribbon worm (D:2)
  An orc (D:3)
  3 endoplasms
  3 giant cockroaches
  5 goblins
  8 hobgoblins
  A quokka (D:1)
  3 ball pythons (D:2)
  2 bats
  6 frilled lizards
  4 kobolds
  A rat (D:1)
45 creatures vanquished.

Notes
Turn   | Place    | Note
-------+----------+-------------------------------------------
     0 | D:1      | ezpacito the Demonspawn Chaos Knight began the quest for
                  | the Orb.
     0 | D:1      | Reached XP level 1. HP: 18/18 MP: 1/1
    18 | D:1      | XOM: silly message
    54 | D:1      | XOM: silly message
    62 | D:1      | Reached skill level 1 in Dodging
   126 | D:1      | Gained mutation: You sometimes gain a little power by
                  | taking damage. [demonic ancestry]
   126 | D:1      | Reached XP level 2. HP: 24/24 MP: 2/2
   136 | D:1      | Found Axzove's Antique Weapon Emporium.
   425 | D:1      | XOM: silly message
   772 | D:2      | XOM: potion effect (might)
   847 | D:2      | Reached XP level 3. HP: 21/29 MP: 3/3
   854 | D:2      | Found a faded altar of an unknown god.
   884 | D:2      | XOM: noise
   983 | D:2      | Found a shimmering altar of Xom.
  1070 | D:2      | Reached skill level 1 in Unarmed Combat
  1164 | D:2      | XOM: silly message
  1211 | D:3      | Reached XP level 4. HP: 3/35 MP: 3/5
  1272 | D:3      | HP: 1/35 [poisoned by an adder]
  1332 | D:3      | XOM: butterfly on damage
  1332 | D:3      | XOM: smoke on damage
  1335 | D:3      | HP: 1/35 [orc wizard/magic dart (9)]
  1336 | D:3      | Slain by an orc priest

Illustrated notes

Levels and vault maps discovered:
D:1:      dpeg_arrival_refuge, layout_basic, serial_shops, shop, serial_forest,
          infiniplex_forest_clump_tiny, infiniplex_forest_clump_small,
          infiniplex_forest_corner_1, infiniplex_forest_straight_3,
          infiniplex_forest_lined_3, infiniplex_forest_lined_room_2,
          infiniplex_forest_corner_1, infiniplex_forest_lined_room_
D:2:      layout_rooms, basic_altar, chequers_ecumenical_altar_simple_redux
D:3:      layout_rooms, gup_sewer_entry_pipe

Skill      XL: |  1  2  3  4 |
---------------+-------------+-----
Dodging        | 1 2 |  2.0
Armour         | 2 |  2.3
Axes           | 3 |  3.2
Unarmed Combat | 1 |  1.3
Fighting       | |  3.3
Stealth        | |  0.5
Spellcasting   | |  0.9

Action                     |  1- 3 |  4- 6 || total
---------------------------+-------+-------++-------
  Melee: Hand axe          |    95 |    24 ||   119
    Use: Scroll            |     5 |       ||     5
         Potion            |     1 |     3 ||     4
   Stab: Sleeping          |     1 |       ||     1
         Paralysed         |       |     1 ||     1
 Armour: Leather armour    |    56 |    17 ||    73
  Dodge: Dodged            |    55 |    14 ||    69

Table legend: (Time is in decaauts)
 A = Elapsed time spent in this place.
 B = Non-inter-level travel time spent in this place.
 C = Inter-level travel time spent in this place.
 D = Time resting spent in this place.
 E = Time spent auto-exploring this place.
 F = Levels seen in this place.
 G = Mean time per level.
                   A        B        C        D        E       F      G
               +--------+--------+--------+--------+--------+-----+--------+
         Total |   1353 |   1273 |     80 |      0 |    882 |   3 |  451.0 |
       Dungeon |   1353 |   1273 |     80 |      0 |    882 |   3 |  451.0 |
               +--------+--------+--------+--------+--------+-----+--------+

Top non-repeatable levels by time:
     D:1: 617 daAuts
     D:2: 575 daAuts
     D:3: 161 daAuts
